AoeStats
← 恆浪蕩

Black Forest

508825405Analyzed
4v4 RM · 7d ago on Sep 24, 2026· 47m 29s· 8 players
Game mode
Random Map
Map size
Large (8 player)
Population
200
Speed
Normal
Resources
Standard
Victory
Conquest
Starting age
Dark Age
Ending age
Imperial Age
RankedLock teamsTeams togetherTeam positionsShared explorationLock speedFull tech treeHidden civsTurbo modeCheats
Victory
Defeat
🇪🇸 Lithuanians · Spain
1683
+13
🇺🇸 Malay · United States
1656
+14
🇲🇽 Aztecs · Mexico
1643
+15
🇫🇮 Poles · Finland
1618
+16
🇹🇼 Portuguese · Taiwan
1699
-18
🇦🇷 Muisca · Argentina
1681
-17
🇹🇼 Mapuche · Taiwan
1620
-15
🇹🇼 Vietnamese · Taiwan
1454
-8
Lastmantillidie
0:58 Loom
12:50 Feudal Age
13:33 Double-Bit Axe
13:29 Man-at-Arms
14:34 Arson
17:11 Fletching
22:33 Castle Age
21:13 Horse Collar
22:31 Stone Mining
22:32 Gold Mining
23:01 Bow Saw
29:07 Wheelbarrow
33:25 Imperial Age
31:29 Hand Cart
31:10 Pikeman
33:53 Forging
33:06 Long Swordsman
33:08 Halberdier
34:52 Heavy Plow
35:35 Conscription
36:25 Crop Rotation
36:33 Squires
37:32 Iron Casting
36:36 Crossbowman
37:15 Stone Mining
38:49 Chemistry
39:19 Ballistics
39:30 Treadmill Crane
39:18 Arbalester
40:04 Thumb Ring
40:54 Masonry
40:57 Bodkin Arrow
41:03 Padded Archer Armor
43:13 Leather Archer Armor
42:59 Bracer
44:00 Blast Furnace
43:25 Siege Engineers
44:11 Gold Shaft Mining
44:06 Guilds
44:46 Caravan
47:14 Stone Shaft Mining
46:18 Elite Karambit Warrior
48:16 Ring Archer Armor
47:53 Scale Barding Armor
VX | Obligame Perro!
8:21 Loom
8:48 Loom
12:24 Feudal Age
13:34 Double-Bit Axe
15:55 Castle Age
23:14 Redemption
23:52 Sanctity
28:51 Fervor
28:38 Herbal Medicine
30:07 Scale Mail Armor
30:01 Pikeman
36:18 Imperial Age
34:09 Chain Mail Armor
33:42 Gambesons
34:43 Squires
34:29 Arson
34:55 Forging
35:48 Wheelbarrow
36:24 Iron Casting
37:30 Conscription
37:36 Garland Wars
37:57 Hand Cart
37:23 Eagle Warrior
38:49 Plate Mail Armor
39:14 Capped Ram
40:24 Elite Eagle Warrior
42:10 Blast Furnace
42:51 Fletching
43:02 Padded Archer Armor
44:04 Chemistry
44:11 Siege Ram
45:42 Bow Saw
45:13 Horse Collar
45:24 Gold Mining
46:31 Heavy Plow
46:27 Treadmill Crane
47:42 Caravan
Pelopincho
10:18 Feudal Age
14:57 Castle Age
13:22 Double-Bit Axe
13:35 Horse Collar
15:37 Wheelbarrow
16:03 Bow Saw
16:41 Heavy Plow
17:22 Forging
17:17 Gold Mining
20:25 Scale Barding Armor
25:53 Hand Cart
26:41 Stone Mining
31:58 Imperial Age
29:50 Loom
30:18 Bloodlines
30:08 Husbandry
30:30 Chain Barding Armor
30:20 Forging
31:51 Stone Shaft Mining
32:01 Cavalier
33:48 Chemistry
34:00 Two-Man Saw
33:31 Crop Rotation
36:18 Paladin
38:20 Plate Barding Armor
38:20 Iron Casting
38:37 Light Cavalry
39:55 Devotion
39:40 Winged Hussar
40:47 Caravan
46:42 Conscription
48:16 Coinage
Kaarlos
1:00 Loom
18:44 Feudal Age
19:19 Double-Bit Axe
19:15 Horse Collar
20:33 Fletching
24:19 Castle Age
23:10 Stone Mining
25:10 Bodkin Arrow
25:30 Bow Saw
25:21 Heavy Plow
25:35 Guard Tower
29:23 Ballistics
30:00 Forging
30:07 Treadmill Crane
34:38 Wheelbarrow
33:53 Town Watch
34:26 Masonry
34:52 Fortified Wall
35:57 Gold Mining
36:41 Murder Holes
37:34 Stone Shaft Mining
37:38 Hand Cart
40:20 Imperial Age
38:50 Padded Archer Armor
39:52 Leather Archer Armor
39:50 Bloodlines
39:40 Husbandry
40:09 Thumb Ring
41:07 Bracer
42:09 Chemistry
40:55 Arrowslits
41:16 Heavy Mounted Crossbowman
43:34 Coinage
43:05 Caravan
44:35 Keep
43:49 Elite Skirmisher
45:18 Banking
45:22 Conscription
45:40 Hoardings
默默默默默
0:46 Loom
16:56 Feudal Age
21:34 Castle Age
21:51 Double-Bit Axe
21:59 Gold Mining
23:22 Horse Collar
25:36 Sanctity
27:38 Redemption
28:02 Redemption
29:06 Wheelbarrow
32:29 Imperial Age
29:52 Treadmill Crane
30:26 Bow Saw
31:19 Scale Mail Armor
32:20 Fletching
33:42 Gold Shaft Mining
33:07 Heavy Plow
35:01 Bodkin Arrow
37:27 Illumination
37:17 Block Printing
38:41 Masonry
40:21 Town Watch
42:23 Chain Mail Armor
42:49 Forging
44:18 Wheelbarrow
44:27 Plate Mail Armor
44:32 Iron Casting
44:26 Elite Temple Guard
45:25 Pikeman
46:53 Bracer
恆浪蕩
3:53 Loom
11:29 Feudal Age
15:02 Castle Age
13:44 Double-Bit Axe
14:27 Horse Collar
21:56 Forging
21:42 Stone Mining
24:02 Bow Saw
26:12 Wheelbarrow
27:21 Gold Mining
28:47 Devotion
31:41 Iron Casting
34:41 Imperial Age
33:25 Heavy Plow
34:36 Hand Cart
34:41 Elite Kona
35:45 Conscription
36:15 Butalmapu
36:44 Elite Skirmisher
38:27 Blast Furnace
37:17 Fletching
38:01 Padded Archer Armor
39:02 Chemistry
38:23 Ballistics
37:52 Imperial Skirmisher
39:42 Bodkin Arrow
40:57 Leather Archer Armor
42:16 Ring Archer Armor
43:23 Town Watch
43:38 Pikeman
44:21 Scale Mail Armor
肉肉小狗
1:00 Loom
14:16 Feudal Age
14:43 Feudal Age
16:53 Double-Bit Axe
19:34 Castle Age
18:09 Horse Collar
22:39 Bow Saw
25:45 Heavy Plow
35:30 Wheelbarrow
37:51 Caravan
38:43 Hand Cart
43:43 Imperial Age
41:23 Gold Mining
41:24 Stone Mining
43:04 Bloodlines
42:54 Husbandry
43:53 Scale Barding Armor
44:14 Forging
44:45 Chain Barding Armor
43:51 Light Cavalry
45:47 Iron Casting
45:58 Plate Barding Armor
45:59 Fletching
46:22 Elite Battle Elephant
PAI
4:00 Loom
7:53 Loom
13:07 Feudal Age
14:15 Double-Bit Axe
14:30 Horse Collar
17:09 Castle Age
15:08 Gold Mining
19:39 Bow Saw
21:51 Bloodlines
22:50 Scale Barding Armor
25:45 Wheelbarrow
27:48 Heavy Plow
30:37 Hand Cart
35:20 Imperial Age
33:40 Chain Barding Armor
33:47 Fletching
33:58 Padded Archer Armor
35:01 Bodkin Arrow
35:21 Leather Archer Armor
35:05 Treadmill Crane
35:36 Masonry
35:49 Ballistics
35:32 Stone Mining
35:09 Crossbowman
35:55 Thumb Ring
35:43 Arbalester
37:32 Chemistry
37:05 Bracer
37:17 Masonry
38:17 Conscription
40:51 Bombard Tower
41:03 Architecture
41:11 Guilds
41:02 Caravan
42:39 Ring Archer Armor
42:19 Forging
42:11 Scale Mail Armor
42:53 Coinage
43:43 Siege Engineers
45:56 Banking
Connection lost

Rejoining the realm…

Still unreachable

The connection could not be restored.

Session expired

The server has moved on; the page needs a fresh start.